[Event "Titled Tuesday Blitz May 10 Late 2022"]
[White "Koziorowicz, Michal"]
[Black "Manukian, Artak"]
[WhiteFideId "21809194"]
[BlackFideId "13301373"]
[WhiteElo "2219"]
[BlackElo "2420"]
[Result "0-1"]
[Round "07"]
[TimeControl "180+1"]
[Date "2022.05.11"]
[WhiteClock "0:00:16"]
[BlackClock "0:00:12"]

1. e4 c6 2. d4 d5 3. e5 Bf5 4. Nc3 e6 5. g4 Bg6 6. Nge2 c5 7. h4 h5 8. Nf4 Bh7 9. g5 Ne7 10. Qxh5 cxd4 11. Nxe6 Qa5 12. Nxd4 Nbc6 13. Nb5 O-O-O 14. Bd2 Qb4 15. O-O-O d4 16. Ne4 Qa4 17. Nbd6+ Kb8 18. Kb1 Bxe4 19. Nxe4 Rxh5 20. Nc5 Qb4 21. Bxb4 Nxb4 22. Bc4 Ned5 23. Ne4 Nc6 24. Bxd5 Rxd5 25. f4 Rh8 26. h5 Ne7 27. Nd6 Rxd6 28. exd6 Nf5 29. c3 Bxd6 30. cxd4 Ng3 31. Rh3 Nxh5 32. f5 g6 33. Rf1 Re8 34. fxg6 fxg6 35. Rf7 Re7 36. Rhf3 Rxf7 37. Rxf7 Bf4 38. Rf8+ Kc7 39. Rg8 Bxg5 40. Rxg6 Bf4 41. Kc2 Bd6 42. Kc3 Nf4 43. Rh6 Nd5+ 44. Kc4 Nb6+ 45. Kd3 Kc6 46. Ke4 a5 47. b3 a4 48. Rh5 axb3 49. axb3 Kc7 50. d5 Nd7 51. Kf5 Nc5 52. b4 Nd3 53. b5 Kb6 54. Rh6 Kc5 55. Ke6 Nf4+ 56. Kd7 Bf8 57. Kc7 Bxh6 58. d6 b6 59. d7 Bg5 60. d8=Q Bxd8+ 61. Kxd8 Kxb5 62. Ke7 Kc5 63. Kf6 b5 64. Ke5 b4 65. Ke4 Kc4 66. Ke3 Kc3 67. Kxf4 b3 68. Ke4 b2 69. Kd5 b1=Q 0-1


[Site "https://www.chess.com"]

[Event "Titled Tuesday Blitz May 10 Late 2022"]
[White "Kruckenhauser, Arthur"]
[Black "Yuan, Qingyu"]
[WhiteFideId "1642812"]
[BlackFideId "8609772"]
[WhiteElo "2243"]
[BlackElo "2359"]
[Result "0-1"]
[Round "07"]
[TimeControl "180+1"]
[Date "2022.05.10"]
[WhiteClock "0:00:15"]
[BlackClock "0:01:17"]

1. e4 c6 2. c4 d5 3. exd5 cxd5 4. d4 Nf6 5. Nc3 Nc6 6. Bg5 dxc4 7. Bxc4 e6 8. Nf3 Be7 9. O-O O-O 10. Re1 a6 11. Rc1 b5 12. Bb3 Bb7 13. a3 Rc8 14. h4 Na5 15. Ba2 Nc4 16. Bxc4 Rxc4 17. Be3 Ng4 18. d5 Nxe3 19. Rxe3 exd5 20. Nd4 Bc5 21. Rd3 Qxh4 22. Nce2 h6 23. b3 Rxc1 24. Qxc1 Bb6 25. g3 Qf6 26. Rf3 Qg5 27. Qc2 Rc8 28. Qd3 Re8 29. Kg2 Qg4 30. Nf5 d4 0-1


[Site "https://www.chess.com"]

[Event "Titled Tuesday Blitz May 10 Late 2022"]
[White "Kujawski, Adam"]
[Black "Pesotskiy, Mikhail"]
[WhiteFideId "1100920"]
[BlackFideId "34164453"]
[WhiteElo "1982"]
[BlackElo "2010"]
[Result "0-1"]
[Round "07"]
[TimeControl "180+1"]
[Date "2022.05.11"]
[WhiteClock "0:00:09"]
[BlackClock "0:01:00"]

1. e4 e6 2. d4 d5 3. Nc3 Bb4 4. e5 c5 5. a3 Bxc3+ 6. bxc3 Qa5 7. Bd2 Qa4 8. dxc5 Nd7 9. Nf3 Nxc5 10. Rb1 Bd7 11. Be2 Ne7 12. O-O Rc8 13. Rb4 Qxa3 14. Nd4 O-O 15. Bg5 Ng6 16. Nb3 b6 17. f4 Ne4 18. Qd4 Nxc3 19. Bd3 Rc4 20. Bxc4 dxc4 21. Qxc4 Nd5 22. Rb5 Ne3 23. Qb4 Qxb4 24. Rxb4 Nxf1 25. Kxf1 Rc8 26. Nd4 h6 27. Bh4 Nxh4 28. g3 Nf5 29. Nxf5 exf5 0-1


[Site "https://www.chess.com"]

[Event "Titled Tuesday Blitz May 10 Late 2022"]
[White "Lashkin, Jegor"]
[Black "Aggelis, Nikolaos"]
[WhiteFideId "13907808"]
[BlackFideId "4213220"]
[WhiteElo "2368"]
[BlackElo "2154"]
[Result "1-0"]
[Round "07"]
[TimeControl "180+1"]
[Date "2022.05.10"]
[WhiteClock "0:02:41"]
[BlackClock "0:01:33"]

1. Nf3 Nf6 2. b3 d5 3. Bb2 g6 4. e3 Bg7 5. Be2 O-O 6. O-O b6 7. c4 Bb7 8. cxd5 Qxd5 9. Nc3 Qd7 10. d4 c5 11. dxc5 bxc5 12. Qc2 Nc6 13. Rfd1 Qf5 14. Qxf5 gxf5 15. Na4 Ne4 16. Bxg7 Kxg7 17. Nd2 Ne5 18. Nxe4 Bxe4 19. Nxc5 Rac8 20. Rac1 Rfd8 21. Rxd8 Rxd8 22. Rd1 Rc8 23. b4 a5 24. a3 axb4 25. axb4 Rb8 26. b5 e6 27. f4 Rc8 28. Nxe4 1-0


[Site "https://www.chess.com"]

[Event "Titled Tuesday Blitz May 10 Late 2022"]
[White "Leschinsky, Gary"]
[Black "D`Arruda, Ricardo D."]
[WhiteFideId "30951321"]
[BlackFideId "100692"]
[WhiteElo "1782"]
[BlackElo "2448"]
[Result "1/2-1/2"]
[Round "07"]
[TimeControl "180+1"]
[Date "2022.05.11"]
[WhiteClock "0:00:53"]
[BlackClock "0:00:20"]

1. d4 Nf6 2. c4 e5 3. dxe5 Ne4 4. Nf3 Nc6 5. Qc2 d5 6. cxd5 Qxd5 7. Nbd2 Bb4 8. e3 Bxd2+ 9. Bxd2 Nxd2 10. Qxd2 Qxd2+ 11. Kxd2 Bg4 12. Bb5 O-O-O+ 13. Kc2 Bxf3 14. gxf3 Nxe5 15. f4 Ng4 16. Rhg1 f5 17. Bd3 g6 18. Rg2 Rd6 19. h3 Nf6 20. Rd1 Rhd8 21. Be2 Rc6+ 22. Kb1 Rxd1+ 23. Bxd1 Rd6 24. Kc1 Ne4 25. Bc2 Nc5 26. h4 h5 27. b4 Nd7 28. Bb3 Nf8 29. f3 Kd7 30. e4 fxe4 31. fxe4 Rd4 32. f5 gxf5 33. exf5 Rxh4 34. Rg7+ Kd6 35. a3 Rf4 36. Rf7 Nd7 37. Be6 Ne5 38. Rf8 h4 39. Rh8 Nf3 40. Bc8 b6 41. Rh6+ Ke7 42. Rh7+ Kd8 43. Rh8+ Ke7 44. Rh7+ Kd6 45. Rh6+ Ke7 46. Rh7+ 1/2-1/2


[Site "https://www.chess.com"]

[Event "Titled Tuesday Blitz May 10 Late 2022"]
[White "Lewtak, Damian"]
[Black "Peralta, Eduardo"]
[WhiteFideId "1141724"]
[BlackFideId "3700062"]
[WhiteElo "2362"]
[BlackElo "2125"]
[Result "0-1"]
[Round "07"]
[TimeControl "180+1"]
[Date "2022.05.10"]
[WhiteClock "0:02:11"]
[BlackClock "0:01:48"]

1. d4 Nf6 2. Bf4 g6 3. Nc3 d5 4. h4 h5 5. e3 Bg7 6. Nf3 c6 7. Ne5 Qb6 8. Rb1 Bf5 9. Bd3 Bxd3 10. Qxd3 Qa6 11. Qxa6 Nxa6 12. b4 Nb8 13. b5 O-O 14. bxc6 bxc6 15. Rb7 e6 16. f3 Rc8 17. Kd2 c5 18. Rhb1 Nc6 19. Nxc6 Rxc6 20. Rb8+ Rxb8 21. Rxb8+ Kh7 22. Rb7 cxd4 23. e4 dxc3+ 0-1


[Site "https://www.chess.com"]

[Event "Titled Tuesday Blitz May 10 Late 2022"]
[White "Maksimovic, Bojan"]
[Black "Bettalli, Francesco"]
[WhiteFideId "14408120"]
[BlackFideId "2816453"]
[WhiteElo "2448"]
[BlackElo "2216"]
[Result "1-0"]
[Round "07"]
[TimeControl "180+1"]
[Date "2022.05.10"]
[WhiteClock "0:00:09"]
[BlackClock "0:00:10"]

1. Nf3 c5 2. e4 Nc6 3. Bb5 g6 4. O-O Bg7 5. c3 Nf6 6. Re1 O-O 7. d4 d5 8. e5 Ne4 9. Bxc6 bxc6 10. Be3 cxd4 11. cxd4 Rb8 12. Qc1 Qb6 13. b3 a5 14. Nbd2 Nxd2 15. Nxd2 Bf5 16. a3 Qb5 17. Qc3 Rfc8 18. Rec1 f6 19. h3 c5 20. Nf3 Qxb3 21. Qxa5 Ra8 22. Qd2 c4 23. Rc3 Qb5 24. exf6 exf6 25. Ne1 Bf8 26. Qc1 Rcb8 27. Bf4 Rb7 28. Nc2 Qb2 29. Ne3 Be6 30. h4 Qxc1+ 31. Rcxc1 Rxa3 32. Rxa3 Bxa3 33. Ra1 Bb2 34. Ra5 Bc3 35. Ra8+ Kg7 36. Nc2 Bf5 37. Ne3 Be6 38. Nc2 h6 39. Be3 g5 40. h5 Bf5 41. Na3 Bb2 42. Ra5 c3 43. Nb5 c2 44. Nd6 Bc8 45. Nxb7 f5 46. Nd6 f4 47. Bd2 Bc3 48. Ra7+ Kf6 49. Bc1 Bb2 50. Bxb2 Bg4 51. Ne8+ Ke6 52. f3 Bxh5 53. Ng7+ Kf6 54. Nxh5+ Kg6 55. g4 fxg3 56. Nxg3 h5 57. Ra6+ Kf7 58. Nxh5 g4 59. fxg4 Ke7 60. Kf2 Kd7 61. Bc1 Ke7 62. Rc6 Kf7 63. Rf6+ Ke7 64. Ke3 1-0


[Site "https://www.chess.com"]

[Event "Titled Tuesday Blitz May 10 Late 2022"]
[White "Malka, Samuel"]
[Black "Ladan, Nicholas"]
[WhiteFideId "20643675"]
[BlackFideId "30918855"]
[WhiteElo "2552"]
[BlackElo "2167"]
[Result "0-1"]
[Round "07"]
[TimeControl "180+1"]
[Date "2022.05.11"]
[WhiteClock "0:00:02"]
[BlackClock "0:00:04"]

1. b3 d5 2. Bb2 Bg4 3. f3 Bf5 4. e4 dxe4 5. Qe2 Nf6 6. Nc3 Nc6 7. Nxe4 Bxe4 8. fxe4 e5 9. Nf3 Bd6 10. Qb5 O-O 11. O-O-O a6 12. Qc4 Qd7 13. h3 b5 14. Qe2 b4 15. g4 a5 16. Qb5 Rfb8 17. Qa4 Nxe4 18. Bb5 Nc5 19. Bxc6 Qe7 20. Bxa8 Nxa4 21. bxa4 Rxa8 22. Rhe1 f6 23. d4 e4 24. Nd2 Bf4 25. Kb1 Bxd2 26. Rxd2 Re8 27. Rde2 g6 28. Bc1 Qe6 29. g5 f5 30. Bf4 c6 31. h4 Qc4 32. Be5 c5 33. Rd2 Qc3 34. Red1 e3 35. Re2 cxd4 36. Bxd4 Qc4 37. Ree1 e2 38. Rd2 Rd8 39. Be3 Rxd2 40. Bxd2 Qe4 41. Kc1 f4 42. h5 f3 43. hxg6 hxg6 44. Rh1 f2 45. Kb2 Qd4+ 46. Kc1 Qa1# 0-1


[Site "https://www.chess.com"]

[Event "Titled Tuesday Blitz May 10 Late 2022"]
[White "Mangialardo, Tiago Carvalho"]
[Black "Gomez Dieguez, David"]
[WhiteFideId "2130718"]
[BlackFideId "22223630"]
[WhiteElo "2105"]
[BlackElo "2115"]
[Result "0-1"]
[Round "07"]
[TimeControl "180+1"]
[Date "2022.05.11"]
[WhiteClock "0:00:03"]
[BlackClock "0:00:11"]

1. e4 c6 2. d4 d5 3. exd5 cxd5 4. Bd3 Nf6 5. Nf3 Nc6 6. O-O Bg4 7. c3 e6 8. Be3 Be7 9. Nbd2 O-O 10. Re1 Bh5 11. Qb3 Na5 12. Qa4 Bg6 13. Bxg6 hxg6 14. Ne5 a6 15. b4 Nc6 16. Nxc6 bxc6 17. Qxc6 Rc8 18. Qxa6 Rxc3 19. Rec1 Bxb4 20. a3 Ba5 21. Rxc3 Bxc3 22. Nb3 Bxa1 23. Nxa1 Qa8 24. Qd3 Qa4 25. Nc2 Rc8 26. Nb4 Ra8 27. Nc2 Ne4 28. f3 Nd6 29. Bd2 Qa6 30. Qb3 Qc4 31. Qb2 Qe2 32. Bb4 Nc4 33. Qc3 Qd1+ 34. Kf2 Qh1 35. h3 Qc1 36. Qd3 Qb2 37. Ke1 Qb1+ 38. Kf2 Qb2 39. Ke1 Rc8 40. Bc5 Qb1+ 41. Kf2 Nb2 42. Qd2 Qd1 43. Qc3 Nc4 44. Kg3 Qd2 45. Qb3 Qg5+ 46. Kf2 Qf4 47. Qd3 g5 48. Qb3 Qd2+ 49. Kg3 g6 50. Kh2 Qf4+ 51. Kg1 Nd2 52. Qd3 Nc4 53. Kf2 Qf5 54. Kg1 Qxd3 0-1


[Site "https://www.chess.com"]

[Event "Titled Tuesday Blitz May 10 Late 2022"]
[White "Martinez Alcantara, Jose Eduardo"]
[Black "Jones, Gawain C B"]
[WhiteFideId "3805662"]
[BlackFideId "409561"]
[WhiteElo "2690"]
[BlackElo "2657"]
[Result "1-0"]
[Round "07"]
[TimeControl "180+1"]
[Date "2022.05.10"]
[WhiteClock "0:00:15"]
[BlackClock "0:00:06"]

1. e4 e5 2. Nf3 Nc6 3. Bb5 a6 4. Ba4 Nf6 5. d3 d6 6. c3 g6 7. O-O Bg7 8. h3 O-O 9. Re1 Bd7 10. d4 Qe8 11. Bc2 Nh5 12. Be3 f5 13. dxe5 Nxe5 14. exf5 Bxf5 15. Bxf5 Rxf5 16. Nxe5 Rxe5 17. Nd2 Kh8 18. Nf3 Re7 19. Qd2 Qf7 20. Ng5 Qf8 21. Qd5 Rae8 22. Qxb7 h6 23. Nf3 a5 24. Qb5 Rb8 25. Qd3 Rxb2 26. Qxg6 Qe8 27. Qd3 Qb5 28. c4 Qe8 29. Bd2 Rxd2 30. Qxd2 Bxa1 31. Qxh6+ Kg8 32. Qg5+ Kf8 33. Rxa1 Rg7 34. Qh6 Qg6 35. Qxg6 Rxg6 36. g3 Nf4 37. Nh4 Rg5 38. Kh2 Nd3 39. Rd1 Nb2 40. Rd5 Rg7 41. Rxa5 Nxc4 42. Rf5+ Ke8 43. Rf4 Ne5 44. Nf5 Rf7 45. g4 c5 46. Nxd6+ Ke7 47. Nxf7 Nxf7 48. Kg3 Ne5 49. Re4 Kf6 1-0


[Site "https://www.chess.com"]

[Event "Titled Tuesday Blitz May 10 Late 2022"]
[White "Martinez Reyes, Pedro Ramon"]
[Black "Villiers, Thomas"]
[WhiteFideId "3901807"]
[BlackFideId "427209"]
[WhiteElo "2410"]
[BlackElo "2164"]
[Result "1/2-1/2"]
[Round "07"]
[TimeControl "180+1"]
[Date "2022.05.11"]
[WhiteClock "0:00:11"]
[BlackClock "0:00:07"]

1. e4 c5 2. d4 cxd4 3. c3 d5 4. exd5 Qxd5 5. cxd4 Nc6 6. Nf3 Bg4 7. Be2 e6 8. Nc3 Bb4 9. O-O Qa5 10. d5 exd5 11. Qxd5 Bxc3 12. Qe4+ Nge7 13. bxc3 Bf5 14. Qh4 O-O 15. Bd2 Rad8 16. Rfd1 Bd3 17. c4 Qa4 18. Re1 Nf5 19. Qg5 Bxe2 20. Rxe2 Nfd4 21. Nxd4 Nxd4 22. Re4 Qxc4 23. Rae1 h6 24. Qf4 Qd3 25. Bb4 a5 26. Bxf8 Ne2+ 27. R4xe2 Qxe2 28. Qc1 Qxa2 29. Be7 Re8 30. Bc5 Rc8 31. Qe3 a4 32. h4 Qc4 33. Bd4 Rd8 34. Ba1 Qxh4 35. Qe5 Qg5 36. Qc7 a3 37. Qxb7 a2 38. Qb2 Rd2 39. Qc3 f6 40. g3 Kh7 41. Qf3 Rc2 42. Qe4+ Qg6 43. Qe3 Qf5 44. Rf1 h5 45. Qb3 h4 46. gxh4 Qg4+ 47. Qg3 Qxg3+ 48. fxg3 Kg6 49. Bd4 Kh5 50. Rf2 Rc1+ 51. Rf1 Rc2 52. Rf4 Rc1+ 53. Rf1 Rc2 1/2-1/2


[Site "https://www.chess.com"]

[Event "Titled Tuesday Blitz May 10 Late 2022"]
[White "Miszler, Levente"]
[Black "Sailer, Mike"]
[WhiteFideId "763276"]
[BlackFideId "2012901"]
[WhiteElo "1966"]
[BlackElo "2109"]
[Result "1-0"]
[Round "07"]
[TimeControl "180+1"]
[Date "2022.05.11"]
[WhiteClock "0:00:53"]
[BlackClock "0:00:10"]

1. Nf3 d5 2. d4 Bf5 3. Bf4 e6 4. e3 Nf6 5. Bd3 Bg6 6. O-O Be7 7. h3 O-O 8. c4 c6 9. Nc3 Nbd7 10. Ne5 Nxe5 11. Bxe5 a6 12. Re1 b5 13. b3 Bd6 14. Bxd6 Qxd6 15. Qe2 Rfe8 16. Rad1 Qb4 17. Bxg6 hxg6 18. Rc1 Rac8 19. c5 e5 20. Qd3 e4 21. Qc2 Qa5 22. a3 Qc7 23. b4 a5 24. bxa5 Qxa5 25. Rb1 Qxa3 26. Ra1 Qb4 27. Reb1 Qc4 28. Rb3 Ra8 29. Rab1 Ra6 30. Rb4 Qd3 31. Qb2 Rea8 32. Rd1 Ra2 33. Qxa2 Qxd1+ 34. Nxd1 Rxa2 35. Rb1 Nd7 36. Nc3 Kf8 37. Nxa2 1-0


[Site "https://www.chess.com"]

[Event "Titled Tuesday Blitz May 10 Late 2022"]
[White "Moral Garcia, Serafin"]
[Black "Martic, Ivan"]
[WhiteFideId "2201925"]
[BlackFideId "929301"]
[WhiteElo "2228"]
[BlackElo "2317"]
[Result "0-1"]
[Round "07"]
[TimeControl "180+1"]
[Date "2022.05.11"]
[WhiteClock "0:00:37"]
[BlackClock "0:00:22"]

1. e4 c5 2. Nf3 e6 3. c3 Nf6 4. e5 Nd5 5. Bc4 d6 6. d4 cxd4 7. cxd4 Nc6 8. O-O Be7 9. exd6 Bxd6 10. Nc3 Nce7 11. Bb3 O-O 12. a3 b6 13. Re1 Bb7 14. Bc2 Rc8 15. Qd3 Ng6 16. Ng5 Ndf4 17. Bxf4 Bxf4 18. Nge4 Bb8 19. Rad1 Qh4 20. g3 Qh5 21. Rd2 Rfd8 22. Bd1 Qf5 23. Qe3 h6 24. Bf3 Rd7 25. Bg2 Rcd8 26. Red1 Ne7 27. h3 Qg6 28. g4 Nd5 29. Nxd5 Bxd5 30. Ng3 Bxg2 31. Kxg2 Bxg3 32. Kxg3 Rd5 33. Rc1 Qf6 34. Rc7 R5d7 35. Rxd7 Rxd7 36. Qf4 Qd8 37. h4 Rd5 38. Qe4 e5 39. f3 Rxd4 40. Rxd4 exd4 41. Qd3 Qd6+ 42. Kf2 Qh2+ 43. Kf1 Qxb2 44. Qe4 Qa1+ 45. Ke2 Qb2+ 46. Kf1 Qc1+ 47. Kg2 Qd2+ 48. Kf1 Qe3 49. Qa8+ Kh7 50. Qxa7 Qxf3+ 51. Ke1 d3 52. Kd2 Qe2+ 53. Kc3 d2 54. Qxf7 d1=Q 55. Qf5+ Kg8 56. Qc8+ Kf7 57. Qf5+ Ke7 0-1


[Site "https://www.chess.com"]

[Event "Titled Tuesday Blitz May 10 Late 2022"]
[White "Moussard, Jules"]
[Black "Paravyan, David"]
[WhiteFideId "642908"]
[BlackFideId "4194985"]
[WhiteElo "2589"]
[BlackElo "2569"]
[Result "0-1"]
[Round "07"]
[TimeControl "180+1"]
[Date "2022.05.10"]
[WhiteClock "0:00:31"]
[BlackClock "0:00:35"]

1. f4 Nf6 2. Nf3 c5 3. g3 g6 4. Bg2 Bg7 5. O-O Nc6 6. d3 d5 7. c3 O-O 8. Na3 Rb8 9. Qe1 b5 10. e4 dxe4 11. dxe4 b4 12. Nb1 Ba6 13. Rf2 Ng4 14. Rd2 Qb6 15. Bh3 h5 16. Kh1 Na5 17. Rg2 Nc4 18. e5 Bb7 19. Qe2 Qc6 20. Ne1 Ba6 21. Bxg4 hxg4 22. Qxg4 bxc3 23. Nxc3 Nxb2 24. Qf3 Qxf3 25. Nxf3 Nd3 26. Rd2 f6 27. Kg1 fxe5 28. Nxe5 Nxe5 29. fxe5 Bxe5 30. Rc2 Bd4+ 31. Kg2 Bf1+ 32. Kh1 Bd3 33. Bf4 Bxc2 34. Bxb8 Rxb8 35. Rc1 Bxc3 36. Rxc2 Bd4 37. Kg2 Rb2 38. Rxb2 Bxb2 0-1


[Site "https://www.chess.com"]

[Event "Titled Tuesday Blitz May 10 Late 2022"]
[White "Nakamura, Hikaru"]
[Black "Maghsoodloo, Parham"]
[WhiteFideId "2016192"]
[BlackFideId "12539929"]
[WhiteElo "2850"]
[BlackElo "2630"]
[Result "1-0"]
[Round "07"]
[TimeControl "180+1"]
[Date "2022.05.10"]
[WhiteClock "0:00:10"]
[BlackClock "0:00:04"]

1. Nf3 c5 2. e3 Nc6 3. d4 d5 4. dxc5 e6 5. a3 Bxc5 6. b4 Be7 7. c4 dxc4 8. Qxd8+ Bxd8 9. Bxc4 a6 10. Nbd2 Nf6 11. Bb2 b6 12. Ke2 Bb7 13. Rhc1 O-O 14. Rc2 Be7 15. Rac1 Rac8 16. g3 Rfd8 17. Bd3 Na7 18. Rc7 Rxc7 19. Rxc7 Rd7 20. Rc2 Ne8 21. Bd4 Nc8 22. Be4 Bxe4 23. Rxc8 Rd8 24. Rc1 Bxf3+ 25. Nxf3 b5 26. Rc6 Rd6 27. Rc2 f6 28. Nd2 e5 29. Ba7 Kf7 30. Ne4 Rd7 31. Bb8 Rd8 32. Ba7 Rd7 33. Bb6 Rb7 34. Rc6 f5 35. Nc5 Bxc5 36. Bxc5 e4 37. Rxa6 Nc7 38. Rc6 Ne6 39. Bb6 h5 40. h4 Rd7 41. Rc2 Rd3 42. Ra2 Rb3 43. Kd2 g5 44. Kc2 Rd3 45. a4 gxh4 46. gxh4 bxa4 47. Rxa4 f4 48. b5 fxe3 49. Bxe3 Rd5 50. b6 Rb5 51. Rxe4 Ng7 52. Kc3 Nf5 53. Rb4 1-0


[Site "https://www.chess.com"]

[Event "Titled Tuesday Blitz May 10 Late 2022"]
[White "Nazaretyan, Tigran"]
[Black "Girsh, Daniel"]
[WhiteFideId "24162345"]
[BlackFideId "30949190"]
[WhiteElo "2225"]
[BlackElo "2456"]
[Result "1-0"]
[Round "07"]
[TimeControl "180+1"]
[Date "2022.05.11"]
[WhiteClock "0:00:28"]
[BlackClock "0:00:04"]

1. d4 Nf6 2. c4 e6 3. Nf3 d5 4. Nc3 c6 5. e3 Nbd7 6. Qc2 Bd6 7. Be2 dxc4 8. a4 e5 9. Bxc4 O-O 10. O-O Qe7 11. a5 h6 12. h3 e4 13. Nd2 Re8 14. b3 Nf8 15. Qa2 Bb8 16. Ba3 Qc7 17. f4 exf3 18. Rxf3 Qh2+ 19. Kf2 Ng6 20. b4 Be6 21. Nf1 Qc7 22. e4 Nh4 23. e5 Nxf3 24. gxf3 Nh5 25. Ne3 Nf4 26. Kg3 Nh5+ 27. Kh2 Bxc4 28. Nxc4 Qe7 29. Rg1 Qh4 30. Rg4 Qe1 31. Ne4 Kh7 32. Qc2 g6 33. Bc1 f5 34. Rg1 Qh4 35. Ned6 Bxd6 36. Nxd6 Re6 37. Qd2 f4 38. Ne4 Rd8 39. Qa2 Re7 40. Bb2 Ng7 41. Nf6+ Kh8 42. Rxg6 Ne6 43. Ng4 1-0


[Site "https://www.chess.com"]

[Event "Titled Tuesday Blitz May 10 Late 2022"]
[White "Ng, Gary"]
[Black "Blackman, Justin"]
[WhiteFideId "2604914"]
[BlackFideId "11100516"]
[WhiteElo "2250"]
[BlackElo "2112"]
[Result "0-1"]
[Round "07"]
[TimeControl "180+1"]
[Date "2022.05.11"]
[WhiteClock "0:00:20"]
[BlackClock "0:01:42"]

1. d4 Nf6 2. Bf4 d5 3. e3 e6 4. Nd2 Bd6 5. Bg3 O-O 6. Ngf3 c5 7. c3 b6 8. Bd3 Bb7 9. Ne5 Nc6 10. Qe2 Ne7 11. O-O Nf5 12. Bf4 Qc7 13. Rac1 Ne4 14. f3 Nxd2 15. Qxd2 f6 16. Bxf5 exf5 17. Nd3 Rad8 18. Rfe1 Rfe8 19. Bxd6 Rxd6 20. Nf4 Rd7 21. c4 dxc4 22. Rxc4 Qd8 23. Rd1 Ba6 24. Rc3 cxd4 25. exd4 g5 26. Nh5 Re2 27. Qc1 Rxd4 28. Rf1 Rdd2 0-1


[Site "https://www.chess.com"]

[Event "Titled Tuesday Blitz May 10 Late 2022"]
[White "Novikova, Galina"]
[Black "Sharbaf, Mohsen"]
[WhiteFideId "4157095"]
[BlackFideId "12501808"]
[WhiteElo "1863"]
[BlackElo "2187"]
[Result "1-0"]
[Round "07"]
[TimeControl "180+1"]
[Date "2022.05.11"]
[WhiteClock "0:00:08"]
[BlackClock "0:00:47"]

1. e4 c5 2. Nf3 e6 3. b4 cxb4 4. a3 d5 5. e5 Nc6 6. axb4 Bxb4 7. c3 Be7 8. d4 Bd7 9. Bd3 h5 10. O-O Nh6 11. Na3 a6 12. Nc2 Na7 13. Nd2 Nf5 14. Ne3 Bb5 15. Bxb5+ Nxb5 16. Nxf5 exf5 17. Qc2 Qd7 18. Qd3 O-O 19. Qh3 Rac8 20. Qxh5 Nxc3 21. Ba3 Bxa3 22. Rxa3 Ne4 23. Rh3 f6 24. Nf3 Qe8 25. Qh7+ Kf7 26. Qxf5 Qe6 27. Qh5+ Ke7 28. exf6+ gxf6 29. Nh4 Kd7 30. Rb3 Kc7 31. Rfb1 Nd6 32. Nf3 Rh8 33. Qg6 Rcg8 34. Qc2+ Kb8 35. Qc6 Rg7 36. g3 Rc8 37. Qb6 Re7 38. Qxa6 Rcc7 39. Ra1 Kc8 40. Qa8+ Kd7 41. Qa4+ Kc8 42. Rab1 Nc4 43. Qa8+ Kd7 44. Rxb7 Kc6 45. Rxc7+ Kxc7 46. Rb7+ Kc6 47. Qa6+ 1-0


[Site "https://www.chess.com"]

[Event "Titled Tuesday Blitz May 10 Late 2022"]
[White "Nozdrachev, Leonid"]
[Black "Postny, Evgeny"]
[WhiteFideId "24113433"]
[BlackFideId "2804344"]
[WhiteElo "2255"]
[BlackElo "2500"]
[Result "1/2-1/2"]
[Round "07"]
[TimeControl "180+1"]
[Date "2022.05.11"]
[WhiteClock "0:01:29"]
[BlackClock "0:00:31"]

1. e4 c5 2. c3 b6 3. d4 Bb7 4. Bd3 Nf6 5. Qe2 e6 6. Nf3 Be7 7. O-O cxd4 8. cxd4 d5 9. Nc3 dxe4 10. Nxe4 Nbd7 11. Bf4 Nxe4 12. Bxe4 Bxe4 13. Qxe4 O-O 14. Rac1 Nf6 15. Qc6 Nd5 16. Be5 Qc8 17. a3 Qxc6 18. Rxc6 Rfc8 19. Rfc1 Rxc6 20. Rxc6 Kf8 21. Kf1 g6 22. Nd2 Ke8 23. Ne4 Kd7 24. Rc2 Rc8 25. Rxc8 Kxc8 26. Ke2 Kd7 27. Kd3 f6 28. Bb8 Kc8 29. Bg3 f5 30. Nc3 Nxc3 31. Kxc3 Kd7 32. Bb8 a6 33. a4 Kc6 34. Kc4 b5+ 35. axb5+ axb5+ 36. Kd3 Kd5 37. Be5 Bb4 38. b3 Be1 39. f3 Bf2 40. h3 h5 41. Bf6 Bg3 42. Bg7 Bc7 43. Bf6 Bd6 44. Bg7 Be7 45. Be5 Bh4 46. Bg7 Be1 47. Bf6 Bg3 48. Bg7 g5 49. Bf6 g4 50. Bg7 gxh3 51. gxh3 e5 52. dxe5 Bxe5 53. Bf8 Bc7 54. Bg7 1/2-1/2


[Site "https://www.chess.com"]

[Event "Titled Tuesday Blitz May 10 Late 2022"]
[White "Papp, Levente"]
[Black "Vega Gutierrez, Sabrina"]
[WhiteFideId "751243"]
[BlackFideId "2219026"]
[WhiteElo "2308"]
[BlackElo "2286"]
[Result "0-1"]
[Round "07"]
[TimeControl "180+1"]
[Date "2022.05.11"]
[WhiteClock "0:00:01"]
[BlackClock "0:00:05"]

1. Nf3 d5 2. g3 c6 3. Bg2 Bg4 4. O-O Nd7 5. c4 e6 6. d4 Ngf6 7. Qb3 Qb6 8. c5 Qxb3 9. axb3 a6 10. Nc3 Be7 11. Nd2 e5 12. e3 O-O 13. h3 Bf5 14. f4 exd4 15. exd4 h5 16. Nf3 Ne4 17. Nxe4 Bxe4 18. Ne5 Bxg2 19. Kxg2 Nf6 20. g4 hxg4 21. hxg4 Ne4 22. b4 Rfe8 23. Ra3 Bf6 24. Rh3 Bxe5 25. fxe5 a5 26. bxa5 Rxa5 27. g5 Ra4 28. Rfh1 Kf8 29. Rb3 Rxd4 30. Rxb7 Kg8 31. b4 Rc4 32. Rc7 Rc2+ 33. Kf3 Rf2+ 34. Ke3 Rf5 35. Kd4 Rfxe5 36. Rxc6 Ng3 37. Rd1 Ne2+ 38. Kd3 Re4 39. Bb2 Rxb4 40. Kc2 Reb8 41. Ba1 Rc4+ 42. Kd3 Nf4+ 43. Kd2 Re8 44. Rh1 Re2+ 45. Kd1 Re8 46. Rc7 Nd3 47. Kd2 Nxc5 48. Kd1 Ne4 49. Rxc4 dxc4 50. Kc2 Rd8 51. Rh4 Nxg5 52. Rxc4 Ne6 53. Bc3 f6 54. Bd2 Kf7 55. Kd1 g5 56. Ke2 Rd5 57. Be3 f5 58. Ra4 f4 59. Bf2 Kf6 60. Kf3 Kf5 61. Ra8 g4+ 62. Kg2 Rd2 63. Ra5+ Ke4 64. Ra4+ Nd4 65. Kf1 g3 66. Be1 Rd1 67. Ra2 f3 68. Ra4 g2+ 69. Kf2 Rxe1 70. Kg3 g1=Q+ 71. Kh4 Qg2 72. Rxd4+ Kxd4 73. Kh5 Rh1# 0-1


[Site "https://www.chess.com"]

[Event "Titled Tuesday Blitz May 10 Late 2022"]
[White "Perez Molina, Robinson"]
[Black "Skliarov, Viktor"]
[WhiteFideId "3403882"]
[BlackFideId "14106736"]
[WhiteElo "2252"]
[BlackElo "2229"]
[Result "1/2-1/2"]
[Round "07"]
[TimeControl "180+1"]
[Date "2022.05.11"]
[WhiteClock "0:00:20"]
[BlackClock "0:00:03"]

1. Nf3 g6 2. c4 Bg7 3. d4 Nf6 4. Nc3 O-O 5. e4 d6 6. h3 c5 7. d5 e6 8. Bd3 exd5 9. exd5 Re8+ 10. Kf1 a6 11. a4 Nbd7 12. g4 Ne5 13. Nxe5 Rxe5 14. Bf4 Re8 15. Qd2 h5 16. f3 Bd7 17. Kg2 b5 18. axb5 axb5 19. Rxa8 Qxa8 20. Bxd6 Qa6 21. Bxc5 bxc4 22. Be2 Qa5 23. Bd4 Nxd5 24. Bxg7 Kxg7 25. Qd4+ Kg8 26. Nxd5 Rxe2+ 27. Kg3 Be6 28. Nf6+ Kf8 29. Qf4 Qb6 30. Ne4 h4+ 31. Kxh4 Qxb2 32. Qd6+ Kg7 33. Rd1 Rxe4 34. fxe4 Qf2+ 35. Qg3 Qf6+ 36. g5 Qb2 37. Qe3 Kh7 38. Rd2 Qc1 39. Qf2 Qc3 40. Qg2 Qe3 41. Rf2 c3 42. Qf3 Qd4 43. Kg3 Qe5+ 44. Qf4 Qd4 45. Kh2 Bb3 46. Qb8 c2 47. Rxc2 Bxc2 48. Qf4 Qxe4 49. Qxf7+ Kh8 50. Qf8+ Kh7 51. Qf7+ Kh8 52. Qf8+ Kh7 53. Qf7+ 1/2-1/2


[Site "https://www.chess.com"]

[Event "Titled Tuesday Blitz May 10 Late 2022"]
[White "Petrovic, Aleksa"]
[Black "Petrova, Irina"]
[WhiteFideId "967629"]
[BlackFideId "14124122"]
[WhiteElo "2144"]
[BlackElo "1993"]
[Result "1/2-1/2"]
[Round "07"]
[TimeControl "180+1"]
[Date "2022.05.11"]
[WhiteClock "0:00:05"]
[BlackClock "0:00:15"]

1. d4 d6 2. Nf3 g6 3. c4 Bg7 4. Nc3 Nc6 5. Bg5 Bg4 6. e3 Nf6 7. Be2 e5 8. dxe5 dxe5 9. Qxd8+ Rxd8 10. Bxf6 Bxf6 11. Nd5 Bg7 12. Nxc7+ Kd7 13. Nd5 e4 14. Nd4 Bxe2 15. Nxe2 Kc8 16. Nec3 Ne5 17. Nxe4 Kb8 18. O-O-O Nxc4 19. Ndc3 f5 20. Ng5 Rc8 21. Rd7 Bxc3 22. bxc3 Ne5 23. Re7 Ng4 24. Rd1 Rxc3+ 25. Kb2 Rhc8 26. Rd2 R3c6 27. a3 Nxh2 28. Nxh7 Ng4 29. Ka2 Rc2+ 30. Rxc2 Rxc2+ 31. Kb3 Rxf2 32. Nf8 Re2 33. Nxg6 Rxe3+ 34. Rxe3 Nxe3 35. Nh4 Kc7 36. Kc3 f4 37. Kd3 Kb6 38. Ke4 Nxg2 39. Nxg2 Ka5 40. Nxf4 Ka4 41. Kd3 Kxa3 42. Kc2 b5 43. Kb1 a5 44. Ne6 b4 45. Nc5 a4 46. Nxa4 Kxa4 47. Ka2 b3+ 48. Kb2 Kb4 49. Kb1 Kc3 50. Kc1 b2+ 51. Kb1 Kb3 1/2-1/2


[Site "https://www.chess.com"]